 Dungeon Crawl Stone Soup version 0.21-a0-110-g8e1637b (webtiles) character file.

262 4thArraOfDagon the Vexing (level 5, -1/37 HPs)
             Began as a Vampire Enchanter on July 7, 2017.
             Was a Priest of Cheibriados.
             Slain by a gnoll (6 damage)
             ... on level 4 of the Dungeon.
             The game lasted 00:07:43 (1331 turns).

4thArraOfDagon the Vexing (Vampire Enchanter)       Turns: 1331, Time: 00:07:44

Health: -1/37      AC:  6    Str: 13    XL:     5   Next: 97%
Magic:  3/8        EV: 11    Int: 24    God:    Cheibriados [***...]
Gold:   39         SH:  7    Dex: 21    Spells: 5/8 levels left

rFire    . . .     SeeInvis +   j - +0 dagger (venom)
rCold    . . .     Gourm    .   o - +2 buckler
rNeg     . . .     Faith    .   q - +0 scale mail
rPois    .         Spirit   .   (helmet restricted)
rElec    .         Reflect  .   (no cloak)
rCorr    .         Harm     .   (no gloves)
MR       .....                  (no boots)
Stlth    ++........             (no amulet)
HPRegen  0.32/turn              (no ring)
MPRegen  0.11/turn              (no ring)

@: regenerating quickly, very slow
A: antennae 1, fangs 3, talons 1, see invisible, mutation resistance 1,
unbreathing
a: Bend Time, Temporal Distortion, Renounce Religion


You were on level 4 of the Dungeon.
You worshipped Cheibriados.
Cheibriados was most pleased with you.
You were very full.

You visited 1 branch of the dungeon, and saw 4 of its levels.

You collected 207 gold pieces.
You spent 168 gold pieces at shops.

Inventory:

Hand Weapons
 a - a +1 dagger
 j - a +0 dagger of venom (weapon)
Armour
 b - a +0 robe
 o - a +2 buckler (worn)
 q - a +0 scale mail (worn)
Wands
 p - a wand of digging (14/24)
Scrolls
 d - 4 scrolls of identify {unknown}
 e - 2 scrolls of amnesia {unknown}
 g - 2 scrolls of fear {unknown}
 h - 3 scrolls of magic mapping
 i - 2 scrolls of teleportation {unknown}
 l - 2 scrolls of blinking
 m - a scroll of enchant weapon {unknown}
 n - a scroll of noise
 t - a scroll of remove curse {unknown}
 u - a scroll of immolation {unknown}
Potions
 f - 10 potions of blood
 k - 2 potions of degeneration {unknown}
 r - a potion of lignification {unknown}
 s - a potion of magic {unknown}
Books
 c - a book of Maledictions

   Spells                             Type                      Level
   a - Corona                         Hexes                        1
   b - Ensorcelled Hibernation        Hexes/Ice                    2
   c - Confuse                        Hexes                        3
   d - Tukima's Dance                 Hexes                        3
   e - Dazzling Spray                 Conjuration/Hexes            3


   Skills:
 + Level 1.5 Fighting
 - Level 2.4 Short Blades
 + Level 3.9 Dodging
 - Level 4.4 Stealth
 * Level 1.1 Shields
 * Level 3.1 Unarmed Combat
 - Level 2.0 Spellcasting
 - Level 4.4 Hexes
 + Level 1.6 Invocations


You had 5 spell levels left.
You knew the following spells:

 Your Spells              Type           Power        Failure   Level  Hunger
a - Corona                Hex            ###....      14%         1    #......
b - Ensorcelled Hibernat  Hex/Ice        ##....       47%         2    ##.....


Dungeon Overview and Level Annotations

Branches:
Dungeon (4/15)
 Temple: D:4-7

Altars:
Cheibriados

Shops:
D:4 ?=[

Annotations:
D:4 Dowan


Innate Abilities, Weirdness & Mutations

Your natural rate of healing is unusually fast.
You have razor-sharp teeth.
You have supernaturally acute eyesight. (SInv)
You can survive without breathing.
You have a pair of small antennae on your head.
You have sharp toenails.
You are somewhat resistant to further mutation.


Message History

You block the gnoll's attack. The jackal misses you.
You block the jackal's attack.
The gnoll hits you with an antimagic halberd!
You feel your power leaking away. The jackal completely misses you.
The jackal closely misses you.
You see here a jackal corpse.
Unknown command.
Unknown command.
You hit the gnoll. Your kick misses the gnoll.
The gnoll is lightly wounded.
The gnoll hits you with an antimagic halberd!
You feel your power leaking away. The gnoll hits you.
* * * LOW HITPOINT WARNING * * *
The jackal bites you.
* * * LOW HITPOINT WARNING * * *
The jackal bites you.
* * * LOW HITPOINT WARNING * * *
The gnoll hits you.
You die...

..#
............##....##...#
..# .............######
#### .## #######.##...#
.# #######.##..## .#
#...#...g'...# .#
#...#....#...# .#
#%..#....#g..## .#
..##...#....#gg..#### ##
.......'....#@h.h....
......##g####.h.......
..... #...##...###.##
...% ....<#...# .# ...
......#...# . ..
.##...##...# . ..
#...####.# #. ....# .# #
..... .#


You could see 3 gnolls and 3 jackals.

Vanquished Creatures
  A hound (D:4)
  A gnoll shaman (D:4)
  Jessica (D:3)
  Terence (D:3)
  An iguana (D:4)
  Robin (D:2)
  2 adders
  3 worms
  3 dart slugs
  2 leopard geckos
  6 orcs
  5 bats
  5 giant cockroaches
  15 goblins
  9 hobgoblins
  3 jackals
  6 kobolds
  2 quokkas
  2 ball pythons
  3 frilled lizards
  A rat (D:3)
73 creatures vanquished.

Notes
Turn   | Place    | Note
-------+----------+-------------------------------------------
     0 | D:1      | 4thArraOfDagon the Vampire Enchanter began the quest for the Orb.
     0 | D:1      | Reached XP level 1. HP: 13/13 MP: 3/3
    68 | D:1      | Reached XP level 2. HP: 11/19 MP: 5/5
    91 | D:1      | Found a snail-covered altar of Cheibriados.
    96 | D:1      | Became a worshipper of Cheibriados the Contemplative
   120 | D:2      | Learned a level 2 spell: Ensorcelled Hibernation
   244 | D:2      | Noticed Robin
   259 | D:2      | Reached XP level 3. HP: 13/24 MP: 6/6
   265 | D:2      | Gained mutation: You have sharp toenails. [potion of mutation]
   265 | D:2      | Gained mutation: You have a pair of small antennae on your head. [potion of mutation]
   265 | D:2      | Gained mutation: You are somewhat resistant to further mutation. [potion of mutation]
   275 | D:2      | Killed Robin
   275 | D:2      | Reached skill level 1 in Unarmed Combat
   276 | D:2      | Reached * piety under Cheibriados
   479 | D:1      | Reached XP level 4. HP: 31/31 MP: 7/7
   525 | D:2      | Reached ** piety under Cheibriados
   645 | D:3      | Noticed Jessica
   658 | D:3      | Killed Jessica
   658 | D:3      | Reached skill level 1 in Invocations
   699 | D:3      | Noticed Terence
   943 | D:3      | Killed Terence
   943 | D:3      | Reached skill level 1 in Fighting
   943 | D:3      | Reached XP level 5. HP: 33/37 MP: 8/8
  1011 | D:4      | Found Fifeack's Magic Scroll Shoppe.
  1015 | D:4      | Bought a scroll of blinking for 105 gold pieces
  1015 | D:4      | Bought a scroll of magic mapping for 49 gold pieces
  1015 | D:4      | Bought a scroll of noise for 14 gold pieces
  1025 | D:4      | Found Emeos's Jewellery Boutique.
  1036 | D:4      | Found Ukeun's Antique Armour Shop.
  1075 | D:4      | Noticed Dowan
  1274 | D:4      | Reached skill level 1 in Shields
  1329 | D:4      | Reached *** piety under Cheibriados
  1331 | D:4      | Slain by a gnoll

Vault maps used:
D:1:      eino_arrival_tree_alley, st_stairs_5, minmay_misc_feat_nine_boxes,
          cheibriados_altar_1
D:2:      first_bread, uniq_robin
D:3:      lightli_corner_chamber, uniq_jessica, uniq_terence
D:4:      serial_shops, shop, shop, shop, kennysheep_little_box, hex_large,
          minmay_misc_feat_cross, minmay_misc_feat_enclosed,
          roderic_bali_sauvastika, uniq_duvessa

Skill      XL: |  1  2  3  4  5 |
---------------+----------------+-----
Short Blades   | 2 |  2.4
Unarmed Combat | 1 2 3 |  3.1
Dodging        | 3 |  3.9
Invocations    | 1 |  1.6
Fighting       | 1 |  1.5
Shields        | 1 |  1.1
Stealth        | |  4.4
Spellcasting   | |  2.0
Hexes          | |  4.4

Action                   |  1- 3 |  4- 6 || total
-------------------------+-------+-------++-------
Melee: Dagger            |   104 |   103 ||   207
       Bite              |     7 |    16 ||    23
       Kick              |    15 |    36 ||    51
       Punch             |     1 |     1 ||     2
 Cast: Ensorcelled Hiber |     3 |       ||     3
  Use: Potion            |     3 |       ||     3
 Stab: Sleeping          |     6 |     4 ||    10
       Distracted        |       |     1 ||     1
  Eat: Corpse            |     7 |     2 ||     9
Armor: Robe              |    17 |    10 ||    27
       Scale mail        |       |    12 ||    12
Dodge: Dodged            |    72 |    92 ||   164
Block: Buckler           |       |     9 ||     9
